 Dungeon Crawl Stone Soup version 0.28-a0-612-gcfc00ec14d (webtiles) character file.

Game seed: 17537564336346028968

683 lunkers the Ruffian (level 7, -8/71 HPs)
             Began as a Troll Cinder Acolyte on Oct 5, 2021.
             Was a High Priest of Ignis.
             Mangled by Menkaure (19 damage)
             ... on level 5 of the Dungeon.
             The game lasted 00:05:07 (3467 turns).

lunkers the Ruffian (Troll Cinder Acolyte)          Turns: 3467, Time: 00:05:08

Health: -8/71      AC:  4    Str: 23    XL:     7   Next: 35%
Magic:  7/7        EV:  9    Int: 10    God:    Ignis [*****.]
Gold:   154        SH:  0    Dex:  7    Spells: 8/8 levels left

rFire   + . .      SeeInvis .     - Unarmed
rCold   . . .      Faith    .   (no shield)
rNeg    . . .      Spirit   .   a - +0 robe
rPois   .          Reflect  .   (helmet restricted)
rElec   .          Harm     .   (no cloak)
rCorr   .          Rampage  .   (gloves unavailable)
Will    .....                   (boots unavailable)
Stlth   +.........              (no amulet)
HPRegen 1.21/turn               (no ring)
MPRegen 0.10/turn               (no ring)

@: no status effects
A: large, unfitting armour, claws 3, regeneration 1, shaggy fur 1, tough skin 1
a: Renounce Religion, Sea of Fire, Foxfire Swarm, Rising Flame


You were on level 5 of the Dungeon.
You worshipped Ignis.
Ignis was extremely pleased with you.
You visited 1 branch of the dungeon, and saw 5 of its levels.

You collected 154 gold pieces.

Inventory:

Missiles
 f - 111 stones (quivered)
 g - 18 poisoned darts
 m - 9 silver javelins
Armour
 a - a +0 robe (worn)
Jewellery
 t - a ring of ice
 v - a +4 ring of protection
Wands
 q - a wand of flame (33)
 r - a wand of iceblast (5)
Scrolls
 b - a scroll of magic mapping {unknown}
 c - a scroll of blinking {unknown}
 d - 3 scrolls of teleportation {unknown}
 e - a scroll of enchant armour {unknown}
 k - a scroll of fog {unknown}
 l - a scroll of amnesia {unknown}
 n - 3 scrolls of vulnerability {unknown}
 p - a scroll of acquirement {unknown}
Potions
 h - a potion of attraction
 i - 4 potions of curing
 j - a potion of flight
 o - a potion of might
 s - a potion of invisibility
 u - 2 potions of cancellation {unknown}
 w - a potion of degeneration {unknown}


   Skills:
 + Level 4.5 Fighting
 * Level 7.3 Unarmed Combat
 - Level 1.0 Spellcasting
 - Level 2.1 Fire Magic


You had 8 spell levels left.
You didn't know any spells.
Your spell library contained the following spells:

 Spells                   Type           Power      Damage    Failure   Level
 Scorch                   Fire           8%         2d5       22%         2
 Gell's Gravitas          Tloc           0%         N/A       71%         3
 Lesser Beckoning         Tloc           0%         N/A       71%         3
 Teleport Other           Tloc           0%         N/A       71%         3


Dungeon Overview and Level Annotations

Branches:
Dungeon (5/15)             Temple (0/1) D:4

Altars:
Gozag
The Shining One

Shops:
D:1 *

Annotations:
D:4 8 runed translucent doors, MisterAzrael's ghost, amateur HOAK
D:5 Menkaure


Innate Abilities, Weirdness & Mutations

You are too large for most types of armour.
You have claws for hands.
Your natural rate of healing is unusually fast.
You are covered in fur. (AC +1)
You have tough skin. (AC +1)


Message History

Aiming: Throw Flame
Press: ? - help, Shift-Dir - straight line, f - Menkaure
Aim: Menkaure (85% to hit)
The puff of flame hits Menkaure.
Menkaure is lightly damaged.
Menkaure barely misses you.
Aiming: Throw Flame
Press: ? - help, Shift-Dir - straight line, f/p - Menkaure
Aim: Menkaure (lightly damaged, 85% to hit)
The puff of flame misses Menkaure.
Aiming: Throw Flame
Press: ? - help, Shift-Dir - straight line, f/p - Menkaure
Aim: Menkaure (lightly damaged, 85% to hit)
The puff of flame hits Menkaure!
Menkaure is burned terribly!
Menkaure is heavily damaged.
Menkaure casts a spell at you. Pain shoots through your body!
* * * LOW HITPOINT WARNING * * *
Aiming: Throw Flame
Press: ? - help, Shift-Dir - straight line, f/p - Menkaure
Aim: Menkaure (heavily damaged, 85% to hit)
The puff of flame hits Menkaure.
Menkaure is heavily damaged.
Menkaure hits you!!
* * * LOW HITPOINT WARNING * * *
Aiming: Throw Flame
Press: ? - help, Shift-Dir - straight line, f/p - Menkaure
Aim: Menkaure (heavily damaged, 85% to hit)
The puff of flame hits Menkaure.
Menkaure is heavily damaged.
Menkaure calls on the powers of darkness!
Your body is wracked with pain!
* * * LOW HITPOINT WARNING * * *
Aiming: Throw Flame
Press: ? - help, Shift-Dir - straight line, f/p - Menkaure
Aim: Menkaure (heavily damaged, 85% to hit)
The puff of flame hits Menkaure!
Menkaure is burned terribly!
Menkaure is almost destroyed.
Menkaure hits you!!
You die...

### ..# #.# ### #.#
#.. # #.# #.# #. #.#
#.# #. #.# #.#
###.#####.#####.####.#
................@...>#
..........####...M.###
......########.###.#
.).............. .#
.###...#######.#. #
#...........#.#
#....######.# #
####....# #.#
...†....######


You could see Menkaure.

Vanquished Creatures
  2 ogres
  A necrophage (D:4)
  2 scorpions (D:4)
  A water moccasin zombie (D:5)
  3 hounds
  An orc wizard (D:4)
  A hound skeleton (D:4)
  A mummy (D:4)
  3 adders (D:2)
  A shadow imp (D:5)
  2 worms (D:2)
  11 orcs
  4 bats
  4 endoplasms
  2 giant cockroaches (D:2)
  8 goblins
  2 hobgoblins
  5 kobolds
  6 quokkas
  7 ball pythons
  6 frilled lizards
  2 kobold zombies (D:4)
  2 orc zombies (D:4)
  A quokka skeleton (D:4)
  2 rats
80 creatures vanquished.

Notes
Turn   | Place    | Note
-------+----------+-------------------------------------------
     0 | D:1      | lunkers the Troll Cinder Acolyte began the quest for the
                  | Orb.
     0 | D:1      | Reached XP level 1. HP: 22/22 MP: 1/1
    61 | D:1      | Reached XP level 2. HP: 29/29 MP: 2/2
   183 | D:1      | Found a faded altar of an unknown god.
   238 | D:1      | Found Tagham's Assorted Antiques.
   789 | D:2      | Noticed an ogre
   838 | D:2      | Killed an ogre
   839 | D:2      | Reached skill level 4 in Unarmed Combat
   839 | D:2      | Reached XP level 3. HP: 33/37 MP: 3/3
   839 | D:2      | Reached XP level 4. HP: 40/45 MP: 4/4
  1079 | D:2      | Reached skill level 5 in Unarmed Combat
  1132 | D:2      | Reached XP level 5. HP: 53/53 MP: 5/5
  2357 | D:3      | Found an opulent altar of Gozag.
  2552 | D:4      | Found a large runed translucent door.
  2552 | D:4      | Found a large runed translucent door.
  2553 | D:4      | Found a large runed translucent door.
  2553 | D:4      | Found a large runed translucent door.
  2553 | D:4      | Noticed a vault warden
  2554 | D:4      | Noticed an ironbound preserver
  2554 | D:4      | Found a large runed translucent door.
  2554 | D:4      | Found a large runed translucent door.
  2554 | D:4      | Noticed MisterAzrael's ghost (amateur HOAK)
  2555 | D:4      | Found a large runed translucent door.
  2555 | D:4      | Found a large runed translucent door.
  2735 | D:4      | Found a staircase to the Ecumenical Temple.
  2762 | D:4      | Reached XP level 6. HP: 56/62 MP: 6/6
  2774 | D:4      | Reached skill level 6 in Unarmed Combat
  2992 | D:4      | Found a glowing golden altar of the Shining One.
  3193 | D:5      | Entered Level 5 of the Dungeon
  3268 | D:5      | Reached XP level 7. HP: 57/71 MP: 7/7
  3366 | D:5      | Reached skill level 7 in Unarmed Combat
  3459 | D:5      | Noticed Menkaure
  3467 | D:5      | Mangled by Menkaure

Illustrated notes

Levels and vault maps discovered:
D:1:      dpeg_arrival_more_subterranean_lakeside_camping, layout_basic,
          shapermc_ecumenical_altar_mp_urbaneastern, serial_shops,
          nicolae_diamond_shop, hangedman_decor_peaks_small
D:2:      wad_river_or_something, layout_loops_corners, feat_on_display
D:3:      layout_basic, grunt_gozag_statues
D:4:      layout_cave_pools, kennysheep_mini, minmay_temple_entry_antechambers,
          advil_vaults_ghost_lines, chequers_serial_rivers_large_a,
          minmay_mini_ossuary
D:5:      layout_basic, uniq_menkaure

Skill      XL: |  1  2  3  4  5  6  7 |
---------------+----------------------+-----
Fighting       | 3 4 |  4.5
Unarmed Combat | 4 5 6 7 |  7.3
Spellcasting   | |  1.0
Fire Magic     | |  2.1

Action                   |  1- 3 |  4- 6 |  7- 9 || total
-------------------------+-------+-------+-------++-------
Melee: Unarmed           |    55 |   193 |     9 ||   257
       Punch             |       |     3 |     1 ||     4
Throw: Stone             |     9 |    20 |     4 ||    33
Evoke: Wand              |       |       |     6 ||     6
  Use: Scroll            |       |     5 |       ||     5
 Stab: Sleeping          |       |     1 |       ||     1
Armor: Robe              |    14 |    55 |       ||    69
Dodge: Dodged            |    29 |    58 |     2 ||    89

Table legend: (Time is in decaauts)
 A = Elapsed time spent in this place.
 B = Non-inter-level travel time spent in this place.
 C = Inter-level travel time spent in this place.
 D = Time resting spent in this place.
 E = Time spent auto-exploring this place.
 F = Levels seen in this place.
 G = Mean time per level.
                   A        B        C        D        E       F      G
               +--------+--------+--------+--------+--------+-----+--------+
         Total |   3452 |   3353 |     99 |      0 |   2731 |   5 |  690.4 |
       Dungeon |   3452 |   3353 |     99 |      0 |   2731 |   5 |  690.4 |
               +--------+--------+--------+--------+--------+-----+--------+

Top non-repeatable levels by time:
     D:2: 1143 daAuts
     D:4: 752 daAuts
     D:3: 683 daAuts
     D:1: 601 daAuts
     D:5: 271 daAuts
